Map: Ascension to Aiur LE

Players

TEarDroP

  • Race: Terran Terran
  • League: Master
  • Spawn Location: 11:00

MellonTiger - Winner!

  • Race: Zerg Zerg
  • League: Diamond
  • Spawn Location: 5:00

VOD

Have the link to the VOD?

Description

Time

  • Played on: Dec. 15, 2017, 10:33 p.m.
  • Length: 18:45
Show
View Real Time Build Order
Export as new Build Order

TEarDroP Terran 

Build Orders: MMM Bio 

Get SALT Encoding   

  12  0:00  SCV  
  13  0:13  SCV  
  14  0:17  Supply Depot  
  14  0:25  SCV  
  15  0:38  SCV  
  15  0:40  Barracks  
  16  0:45  Refinery  
  16  0:50  SCV  
  17  1:03  SCV  
  18  1:15  SCV  
  19  1:31  Marine, Orbital Command  
  20  1:43  Command Center  
  20  1:53  Supply Depot  
  20  1:54  Barracks Reactor  
  20  1:58  SCV  
  21  2:08  Factory  
  21  2:13  SCV  
  22  2:25  Barracks, SCV  
  23  2:31  Marine x2  
  26  2:37  SCV  
  26  2:39  Refinery  
  26  2:49  SCV  
  26  2:51  Marine x2  
  27  2:56  Orbital Command  
  29  3:06  SCV  
  29  3:08  Starport  
  30  3:14  Orbital Command, Barracks Tech Lab  
  30  3:19  Marine x2  
  32  3:21  SCV  
  32  3:25  Factory Reactor  
  33  3:33  SCV  
  34  3:37  Marine, Stimpack  
  34  3:38  Marine x2  
  34  3:40  SCV  
  38  3:50  SCV  
  38  3:53  SCV  
  40  3:56  Marine x2  
  42  4:05  SCV x2  
  42  4:06  Supply Depot  
  42  4:07  Supply Depot  
  42  4:08  Marine  
  45  4:14  Marine  
  46  4:27  Marine x2, Medivac x2  
  46  4:28  SCV x2, Widow Mine  
  56  4:34  Marine  
  57  4:40  SCV x2  
  57  4:44  Supply Depot  
  57  4:45  Marine x2  
  59  4:46  Supply Depot  
  59  4:52  SCV  
  62  4:57  Command Center  
  62  5:05  Marine x2, Widow Mine, Medivac, SCV  
  69  5:15  Supply Depot, Refinery  
  67  5:21  SCV x2  
  67  5:27  Marine  
  67  5:28  Marine x2  
  72  5:30  Medivac  
  72  5:33  SCV x2  
  76  5:40  Combat Shields  
  76  5:45  SCV x2  
  76  5:46  Marine x3  
  81  5:52  Barracks x2  
  80  5:58  SCV  
  80  6:00  SCV  
  81  6:04  Marine x2, Supply Depot  
  81  6:05  Refinery  
  81  6:09  Factory Reactor  
  81  6:10  SCV  
  84  6:17  Marine  
  85  6:18  SCV  
  85  6:22  Marine x2, SCV  
  89  6:26  Medivac x2  
  89  6:27  Orbital Command  
  89  6:30  SCV  
  89  6:32  Engineering Bay  
  94  6:33  Engineering Bay  
  94  6:34  SCV  
  94  6:36  Supply Depot  
  94  6:37  Marine  
  94  6:39  Barracks Reactor  
  96  6:40  Marine, Barracks Reactor  
  96  6:42  Barracks  
  96  6:43  SCV  
  96  6:46  Barracks  
  97  6:51  Orbital Command  
  97  6:59  Marine x3  
  100  7:01  SCV  
  100  7:02  SCV  
  100  7:03  Widow Mine x2  
  100  7:07  Medivac x2  
  110  7:12  Supply Depot  
  110  7:14  SCV  
  107  7:17  Marine x3  
  107  7:19  Marine x3  
  107  7:21  SCV  
  114  7:24  Supply Depot  
  114  7:26  SCV  
  115  7:32  Widow Mine  
  115  7:33  Widow Mine  
  115  7:34  SCV  
  115  7:35  Barracks Tech Lab, Barracks Reactor  
  120  7:38  Concussive Shells  
  120  7:58  Marine x3, Marauder x2  
  123  7:59  Medivac x2  
  123  8:00  Widow Mine  
  123  8:04  SCV  
  133  8:05  Supply Depot  
  133  8:08  Supply Depot, Terran Infantry Weapons Level 1, Terran Infantry Armor Level 1  
  133  8:10  Armory  
  133  8:13  Missile Turret, Refinery x2  
  133  8:25  SCV  
  133  8:26  Widow Mine  
  133  8:27  SCV  
  136  8:34  Marine x4, Marauder x2  
  136  8:35  Marine x4  
  136  8:39  SCV, Supply Depot  
  136  8:40  Supply Depot  
  149  8:44  Barracks  
  149  8:55  SCV  
  149  9:00  Marine x6  
  149  9:01  Marine x2, Marauder  
  149  9:02  Medivac, Marauder, SCV  
  164  9:07  SCV  
  165  9:25  Supply Depot  
  165  9:26  Marine x3, Medivac, Supply Depot  
  165  9:27  Widow Mine x2  
  169  9:50  Marine x5, Marauder x2  
  169  9:51  Marine x3, Barracks Tech Lab  
  160  10:08  Marine x3  
  160  10:12  Marauder x2  
  144  10:14  Liberator  
  144  10:15  Liberator  
  144  10:16  Marine x3  
  144  10:17  Marine x3  
  144  10:19  Widow Mine  
  144  10:24  Orbital Command  
  144  10:26  Marine x3  
  121  10:32  Marine  
  121  10:33  Marine  
  121  10:34  Marine  
  105  10:44  SCV  
  105  10:45  Marine x4, SCV  
  105  10:46  Marine x4  
  105  10:48  Terran Infantry Armor Level 2, Terran Infantry Weapons Level 2  
  111  10:50  Marine x2  
  111  10:52  Marine  
  111  10:55  Factory Tech Lab  
  107  10:57  SCV x3  
  107  11:03  Marine x2  
  112  11:17  Command Center  
  108  11:36  Marine x2, Marauder x2  
  112  11:49  Marine x4  
  112  11:50  Marine x2, Marauder  
  112  11:53  Marine, Medivac x2, Siege Tank  
  126  11:57  Marauder  
  128  12:09  Marine x2  
  128  12:10  Marine x5, Marauder  
  128  12:11  Marauder  
  128  12:14  Sensor Tower  
  138  12:17  SCV x3  
  138  12:18  Supply Depot  
  138  12:21  Supply Depot  
  141  12:29  SCV x2  
  143  12:34  Marine x4, Marauder x2  
  143  12:35  Marine x2  
  153  12:37  Medivac x2, Siege Tank  
  158  12:48  SCV x2  
  157  12:53  Marine, Liberator x2  
  157  12:54  Marine x5  
  163  12:59  Supply Depot  
  159  13:14  SCV x2  
  161  13:38  Siege Tank  
  161  13:41  SCV x3, Refinery x2  
  167  13:44  Planetary Fortress  
  167  13:49  Terran Infantry Armor Level 3, Terran Infantry Weapons Level 3  
  147  13:59  Liberator  
  147  14:00  Liberator  
  137  14:12  Marine x2, Marauder x2  
  137  14:13  Marine x6, Marauder  
  154  14:25  Siege Tank  
  154  14:28  SCV x4  
  154  14:30  Marine  
  161  14:33  Marauder  
  161  14:35  Unknown x3  
  161  14:36  Unknown  
  163  14:39  Unknown x2  
  158  15:00  Siege Tank  
  158  15:01  Liberator x2  
  161  15:15  Marine x5, Marauder x2  
  176  15:32  Siege Tank  
  130  15:45  Liberator  
  117  15:54  Marine x3, Marauder  
  117  15:55  Marauder  
  104  16:01  Marine x6  
  102  16:04  Siege Tank  
  102  16:09  SCV x2  
  102  16:12  Marine x3  
  102  16:25  Command Center  
  102  16:27  Command Center  
  102  16:28  Marine, Marauder  
  102  16:29  Marauder x2, Command Center  
  109  16:36  Siege Tank  
  85  17:03  Orbital Command  
  63  17:10  Marine x8, Marauder x2  
  73  17:17  Marine  
  65  17:27  Marine  
  65  17:28  Marine x4  
  56  17:56  SCV x3  
  56  17:57  SCV  
  59  18:25  Marine  
  59  18:27  Marine x2  
Show
View Real Time Build Order
Export as new Build Order

MellonTiger Zerg - Winner!

Build Orders: Hatch First 

Get SALT Encoding   

  12  0:01  Drone  
  13  0:12  Overlord  
  13  0:17  Drone  
  14  0:30  Drone x2  
  14  0:34  Drone  
  17  0:56  Hatchery  
  16  1:00  Drone  
  16  1:02  Drone  
  17  1:13  Extractor  
  16  1:19  Spawning Pool  
  16  1:22  Drone  
  16  1:26  Drone  
  17  1:40  Overlord  
  17  1:42  Drone  
  18  1:49  Drone  
  19  2:00  Drone  
  20  2:06  Queen  
  20  2:07  Queen  
  24  2:11  Drone  
  25  2:16  Metabolic Boost  
  25  2:20  Zergling x2  
  26  2:24  Drone  
  26  2:27  Drone  
  28  2:31  Drone  
  28  2:32  Drone  
  30  2:41  Drone  
  31  2:51  Queen  
  31  2:58  Hatchery  
  32  3:01  Drone  
  32  3:05  Overlord  
  33  3:08  Drone  
  33  3:09  Drone  
  33  3:11  Drone  
  36  3:18  Drone  
  36  3:19  Overlord  
  36  3:23  Drone  
  36  3:24  Drone  
  38  3:29  Queen  
  38  3:31  Drone  
  41  3:35  Drone x2  
  43  3:43  Overlord  
  43  3:44  Drone x2  
  45  3:52  Drone x4  
  49  3:55  Zergling x2  
  49  3:56  Zergling x4  
  52  4:03  Overlord  
  52  4:14  Extractor  
  51  4:18  Lair  
  51  4:19  Drone x2  
  51  4:20  Drone x2  
  51  4:21  Queen  
  51  4:23  Zergling x2  
  51  4:24  Zergling x4  
  60  4:29  Zergling x4  
  60  4:30  Baneling Nest  
  61  4:38  Drone  
  61  4:39  Extractor  
  61  4:46  Drone x2  
  61  4:47  Roach Warren  
  61  4:51  Overlord x2  
  61  4:52  Drone x3  
  65  4:53  Drone  
  66  5:12  Drone x4, Overlord x2  
  70  5:18  Zergling x8  
  73  5:23  Evolution Chamber  
  73  5:24  Drone  
  73  5:25  Spire, Evolution Chamber, Overlord  
  71  5:32  Roach x3, Extractor  
  71  5:33  Roach  
  78  5:42  Roach x3  
  86  5:43  Roach  
  86  5:49  Roach x3  
  92  5:54  Roach x2, Zergling x2  
  93  5:59  Roach, Zergling x2  
  93  6:00  Roach  
  93  6:01  Baneling x3  
  97  6:13  Overlord x2  
  97  6:14  Overlord  
  97  6:32  Overlord x2  
  97  6:37  Drone x5  
  97  6:38  Drone, Hatchery  
  97  6:39  Zerg Missile Weapons Level 1, Mutalisk, Zerg Melee Weapons Level 1  
  101  6:53  Drone  
  101  6:54  Drone x6, Extractor x2  
  103  6:56  Roach x2, Zergling x2  
  103  6:57  Glial Reconstitution  
  110  7:06  Ravager  
  107  7:16  Zergling x2  
  107  7:17  Zergling x16  
  116  7:23  Zergling x2  
  116  7:24  Zergling x6  
  120  7:32  Zergling x4  
  122  7:39  Infestation Pit  
  122  7:40  Zergling x2  
  122  7:41  Zergling x4, Hydralisk Den  
  122  7:42  Baneling  
  122  7:43  Baneling x10  
  123  7:44  Overlord  
  123  7:53  Mutalisk x2  
  127  8:08  Mutalisk x3  
  127  8:12  Overlord x3  
  133  8:14  Drone x9  
  133  8:19  Zergling x2  
  141  8:27  Drone x2  
  141  8:29  Queen  
  141  8:30  Overlord x2  
  145  8:35  Mutalisk x3, Zergling x2  
  145  8:36  Zergling x6  
  155  8:43  Spawning Pool  
  155  8:44  Mutalisk  
  155  8:48  Mutalisk x2  
  153  9:00  Hydralisk x4  
  156  9:19  Zerg Melee Weapons Level 2, Zerg Missile Weapons Level 2  
  156  9:31  Zergling x6  
  158  9:32  Zergling x10  
  164  9:39  Drone x6  
  164  9:40  Drone  
  164  9:44  Zergling x8  
  164  9:45  Zergling x2  
  176  9:54  Pneumatized Carapace, Spore Crawler  
  176  9:55  Spore Crawler  
  176  9:56  Zergling x4  
  176  9:59  Overlord x4  
  176  10:02  Hatchery  
  146  10:11  Zergling x4  
  141  10:17  Zergling x4  
  141  10:18  Zergling x4  
  144  10:26  Zergling x8  
  144  10:27  Zergling x10  
  144  10:28  Zergling x2  
  146  10:33  Zergling x2  
  146  10:34  Zergling x2  
  131  10:36  Zergling x4  
  131  10:37  Zergling x2  
  111  10:47  Zergling x6  
  104  10:52  Zergling x2  
  104  10:53  Zergling x10  
  109  11:01  Drone x2  
  109  11:02  Drone x5  
  112  11:05  Hatchery  
  112  11:07  Hive  
  112  11:08  Zergling x2  
  112  11:09  Centrifical Hooks  
  110  11:16  Zergling x4  
  110  11:18  Muscular Augments  
  110  11:20  Zergling x6  
  105  11:27  Baneling  
  105  11:28  Roach, Baneling x11  
  107  11:36  Zergling x4  
  106  11:42  Zergling x4  
  106  11:43  Zergling x4  
  108  11:53  Hydralisk x2, Zergling x6  
  108  11:54  Hydralisk, Zergling x2  
  116  12:02  Zerg Ground Armor Level 1  
  116  12:08  Zergling x6  
  118  12:13  Hydralisk x7  
  133  12:16  Hydralisk  
  133  12:20  Queen  
  137  12:24  Drone x2  
  137  12:25  Drone x2  
  137  12:26  Drone  
  137  12:28  Drone  
  137  12:29  Drone  
  144  12:35  Hydralisk x2  
  144  12:36  Hydralisk  
  144  12:50  Viper x2  
  144  12:51  Viper x2  
  147  12:53  Ultralisk Cavern  
  147  12:56  Drone x4  
  156  12:59  Extractor  
  156  13:02  Baneling x6  
  155  13:05  Overseer x2  
  155  13:06  Overseer  
  155  13:07  Hydralisk x2  
  155  13:12  Zerg Melee Weapons Level 3  
  159  13:17  Adrenal Glands  
  159  13:25  Drone x2  
  159  13:26  Drone x2  
  163  13:35  Zergling x2, Hydralisk x3  
  163  13:36  Zergling x6, Hydralisk  
  175  13:45  Hydralisk x3  
  179  14:06  Overlord x5  
  178  14:20  Overlord  
  178  14:21  Overlord x2  
  178  14:23  Hatchery  
  177  14:31  Zergling x6, Hydralisk x3  
  186  14:41  Extractor  
  186  14:42  Extractor  
  179  14:54  Hydralisk  
  179  14:55  Zergling x6, Hydralisk x2  
  179  14:57  Hatchery, Hydralisk x3, Zergling x4  
  179  14:58  Zergling x2  
  189  15:00  Chitinous Plating  
  189  15:02  Zerg Missile Weapons Level 3  
  189  15:13  Zergling x4, Ultralisk  
  197  15:21  Zergling x4  
  184  15:39  Hydralisk  
  184  15:40  Hydralisk, Zergling x8  
  184  15:41  Zergling x4, Ultralisk x2  
  193  15:44  Hydralisk  
  193  15:45  Zergling x2  
  188  15:52  Ultralisk, Zergling x2  
  173  16:01  Zergling x2  
  173  16:02  Ultralisk, Zergling x8  
  139  16:16  Ultralisk, Zergling x8  
  139  16:17  Zergling x4  
  150  16:21  Zerg Ground Armor Level 2  
  148  16:40  Ultralisk x2, Zergling x4  
  148  16:43  Zergling x4, Hydralisk  
  148  16:44  Zergling x2  
  166  16:53  Zergling x2, Hydralisk x3  
  166  16:54  Zergling x4  
  172  17:01  Zergling x2  
  172  17:07  Ultralisk, Zergling x4  
  156  17:09  Zergling x2  
  156  17:10  Hydralisk, Zergling x6  
  156  17:11  Hydralisk  
  156  17:15  Zergling x4  
  149  17:16  Zergling x2  
  149  17:17  Zergling x2  
  136  17:29  Zergling x4  
  131  17:30  Zergling x4  
  131  17:34  Hydralisk x6  
  142  17:47  Ultralisk, Zergling x8  
  139  17:56  Ultralisk, Zergling x6  
  139  17:58  Hydralisk  
  140  18:08  Drone  
  140  18:09  Drone x8  
  149  18:16  Hydralisk  
  149  18:17  Hydralisk x2  
  155  18:27  Baneling  
  155  18:28  Baneling x14  
Tags
 
Composition
MMM Bio
Matchup
TvZ
Spawn Locations
Cross Positions
Add a new tag
Caveats
  • Supply blocks, unpowered buildings, or Contaminate may cause inaccurate times.
  • Supply counts are checked every 10 seconds.